Workbook

Sheet Rialtas
A1: Payment Schedule November 2022
A3: Payee | B3: Item | C3: Ref | D3: Net Cost | E3: VAT | F3: Total | G3: Notes
A4: Unity Bank Payments
A5: Jane Clarke | B5: Salary November | C5: BACS 01101 | D5: - | E5: - | F5: -
A6: Jane Clarke | B6: Clerk October Expenses Owed | C6: BACS 01102 | D6: ='Clerk Expenses'!C13 -> 420.99 | E6: ='Clerk Expenses'!D13 -> 68.078 | F6: ='Clerk Expenses'!E13 -> 488.39
A7: Jane Clarke | B7: Clerk October Expenses Paid | C7: BACS 01103 | D7: 0 | E7: ='Clerk Expenses'!D24 -> 0 | F7: ='Clerk Expenses'!E24 -> 0
A8: Shane Foord | B8: October Hours | C8: BACS 01104 | D8: 290 | E8: 0 | F8: =D8+E8 -> 290
A9: Pet Waste Solutions | B9: Final invoice payoff | C9: BACS 01105 | D9: 297 | E9: 59.4 | F9: =D9+E9 -> 356.4
A10: Joanna Birdsey | B10: Project Support | C10: BACS 01106 | D10: 648 | E10: 0 | F10: =D10+E10 -> 648
A13: Lloyds Bank Direct Debits
A14: Tamar Tele. | B14: Monthly phone redirection | C14: D/D 01101 | D14: 14.97 | E14: 2.99 | F14: =D14+E14 -> 17.96 | G14: Direct Debit
A15: Nest Pensions | B15: Monthly employer pension contribution | C15: D/D 01102 | D15: - | E15: - | F15: -
A17: Total Payments | D17: =SUM(D5:D16) -> 1670.96 | E17: =SUM(E5:E15) -> 130.468 | F17: =SUM(F5:F15) -> 1800.75
A19: Chair Signature | D19: .
A21: Date

Sheet Clerk Expenses
A1: Name: Jane Clarke
A2: Date: November Expenses 2022
A4: Item | B4: Notes | C4: Net | D4: VAT | E4: Total | F4: Paid
A5: Site ground Monthly Invoice | B5: Monthly website contract November | C5: 16.99 | D5: =E5*0.2 -> 4.078 | E5: 20.39
A6: Survey Monkey | B6: Annual Fee | C6: 320 | D6: 64 | E6: =C6+D6 -> 384
A7: Simply Book It | B7: Annual Fee | C7: 84 | D7: 0 | E7: =C7+D7 -> 84
A13: Items Owed | C13: =SUM(C5:C12) -> 420.99 | D13: =SUM(D5:D12) -> 68.078 | E13: =SUM(E5:E12) -> 488.39
A15: Item | B15: Notes | C15: Net | D15: VAT | E15: Total | F15: Paid
C16: 0 | D16: 0 | E16: =C16+D16 -> 0
C17: 0 | D17: 0 | E17: =C17+D17 -> 0
C18: 0 | D18: 0 | E18: =C18+D18 -> 0
C19: 0 | D19: 0 | E19: =C19+D19 -> 0
C20: 0 | D20: 0 | E20: =C20+D20 -> 0
A24: Items Paid | C24: =SUM(C16:C23) -> 0 | D24: =SUM(D16:D23) -> 0 | E24: =SUM(E16:E23) -> 0

Sheet Added Payees
A1: Name | B1: Item | C1: Amount | D1: Sort Code | E1: Account No.
